 Dungeon Crawl Stone Soup version 0.28.0-53-g5a82cb258f (webtiles) character file.

Game seed: 11567440396861616120

5545 Holzbalken the Spear-Bearer (level 10, -3/74 HPs)
             Began as a Demonspawn Gladiator on May 19, 2022.
             Was a Priest of Qazlal.
             Slain by Erica
             ... wielding a +2 scimitar of flaming
              (8 damage)
             ... on level 9 of the Dungeon on May 21, 2022.
             The game lasted 00:30:09 (8777 turns).

Holzbalken the Spear-Bearer (Demonspawn Gladiator)  Turns: 8777, Time: 00:30:10

Health: -3/74      AC: 17    Str: 34    XL:     10   Next: 43%
Magic:  10/10      EV: 15    Int:  9    God:    Qazlal [***...]
Gold:   481        SH:  0    Dex: 14    Spells: 9/9 levels left

rFire   x . .      SeeInvis .   o - +1 halberd
rCold   + + .      Faith    .   (shield currently unavailable)
rNeg    + . .      Spirit   .   i - +0 ice dragon scales
rPois   .          Reflect  .   g - +2 helmet of the Gate {Rampage rN+ Str+8}
rElec   .          Harm     .   l - scarf {repulsion}
rCorr   .          Rampage  +   (no gloves)
Will    .....                   h - +0 pair of boots
Stlth   ..........              k - amulet of magic regeneration
HPRegen 0.22/turn               f - +6 ring of strength
MPRegen 0.52/turn               p - +4 ring of evasion

@: confused, slowed, repel missiles, very slow
A: thin metallic scales 1, demonic guardian 2, powered by pain 1
a: Renounce Religion, Upheaval, Elemental Force


You were on level 9 of the Dungeon.
You worshipped Qazlal.
Qazlal was most pleased with you.
You visited 1 branch of the dungeon, and saw 9 of its levels.
You also visited: Sewer.

You collected 481 gold pieces.

Inventory:

Hand Weapons
 a - a +0 trident
 c - the +7 broad axe "Pigaisell" {flame, rElec rN+++ Str+4 Stlth-}
   (You found it on level 6 of the Dungeon)

   It burns those it strikes, dealing additional fire damage.
   Big, fiery blades are also staple armaments of hydra-hunters.
   Str:       It affects your strength (+4).
   rElec:     It insulates you from electricity.
   rN:        It renders you almost immune to negative energy.
   Stlth:     It makes you less stealthy.
 o - a +1 halberd (weapon)
Missiles
 d - 4 throwing nets (quivered)
Armour
 g - the +2 helmet of the Gate (worn) {Rampage rN+ Str+8}
   (You acquired it on level 3 of the Dungeon)

   Str:       It affects your strength (+8).
   rN:        It protects you from negative energy.
   Rampage:   It bestows one free step when moving towards enemies.
 h - a +0 pair of boots (worn)
 i - +0 ice dragon scales (worn)
 l - a scarf of repulsion (worn)
Jewellery
 f - a +6 ring of strength (left hand)
 j - a ring of fire
 k - an amulet of magic regeneration (around neck)
 m - a ring of protection from fire
 p - a +4 ring of evasion (right hand)
Wands
 y - a wand of iceblast (8)
 C - a wand of charming (18)
 D - a wand of digging (9)
 E - a wand of paralysis (12)
 K - a wand of polymorph (4)
Scrolls
 b - a scroll of enchant weapon
 q - a scroll of brand weapon {unknown}
 r - 5 scrolls of teleportation
 s - a scroll of torment
 t - 2 scrolls of enchant armour {unknown}
 v - 2 scrolls of fear
 w - 3 scrolls of blinking {unknown}
 x - 2 scrolls of amnesia {unknown}
 A - 6 scrolls of identify
 I - a scroll of vulnerability {unknown}
Potions
 e - 3 potions of curing
 n - a potion of invisibility {unknown}
 u - 4 potions of brilliance
 z - a potion of might {unknown}
 B - a potion of attraction {unknown}
 F - a potion of heal wounds {unknown}
 G - a potion of mutation {unknown}
 H - 2 potions of resistance {unknown}
 J - 2 potions of haste {unknown}


   Skills:
 + Level 5.5 Fighting
 * Level 12.9 Polearms
 - Level 1.7 Throwing
 + Level 4.5 Armour
 - Level 2.6 Dodging


You had 9 spell levels left.
You didn't know any spells.
Your spell library contained the following spells:

 Spells                   Type           Power      Damage    Failure   Level
 Corpse Rot               Necr/Air       0%         N/A       78%         2
 Poisonous Vapours        Pois/Air       0%         N/A       78%         2
 Static Discharge         Conj/Air       0%         N/A       78%         2
 Call Canine Familiar     Summ           0%         N/A       95%         3
 Portal Projectile        Hex/Tloc       0%         N/A       95%         3
 Stone Arrow              Conj/Erth      0%         3d7       95%         3
 Tukima's Dance           Hex            0%         N/A       95%         3
 Animate Armour           Summ/Erth      0%         N/A       100%        4
 Leda's Liquefaction      Hex/Erth       0%         N/A       100%        4
 Passage of Golubria      Tloc           0%         N/A       100%        4
 Lightning Bolt           Conj/Air       0%         1d11      100%        5
 Yara's Violent Unravell  Hex/Tmut       0%         3d3       100%        5
 Lehudib's Crystal Spear  Conj/Erth      0%         10d2      100%        8
 Maxwell's Capacitive Co  Air            0%         ∞         100%        8


Dungeon Overview and Level Annotations

Branches:
Dungeon (9/15)             Temple (0/1) D:5            Lair (0/6) D:9
  Sewer (visited)
    Orc: D:9-12

Altars:
Dithmenos
Kikubaaqudgha
Qazlal
Ru
Wu Jian
Yredelemnul
Zin

Shops:
D:5 *   D:8 =

Annotations:
D:8 3 runed translucent doors, hitsuchi's ghost, novice DgCj
D:9 Erica


Innate Abilities, Weirdness & Mutations

You are partially covered in thin metallic scales. (AC +2)
A demonic guardian rushes to your aid.
You sometimes gain a little power by taking damage.


Message History

You impale your rust devil!!
Your rust devil is severely wounded.
You feel very sick.
You hear some strange, mumbled words.
Something tries to affect you, but you resist.
You bump into the rock wall.
You feel very sick.
You hear some strange, mumbled words.
You are more confused.
You bump into the rock wall.
You feel sick. Something hits you! Something burns you. Something hits you.
Something burns you.
You bump into the rock wall.
You feel sick. Something closely misses you.
You bump into the rock wall.
You feel sick. Something hits you!
* * * LOW HITPOINT WARNING * * *
Something burns you.
* * * LOW HITPOINT WARNING * * *
You hear some strange, mumbled words.
A lance of force appears from out of thin air!
The lance of force is repelled.
The lance of force hits your rust devil!!
Your rust devil dies!
Your rust devil disappears in a puff of smoke!
You bump into the rock wall.
You feel sick.
You are no longer poisoned.
Something barely misses you.
You're too confused to move!
Something closely misses you. Something hits you.
* * * LOW HITPOINT WARNING * * *
Something burns you.
* * * LOW HITPOINT WARNING * * *
You closely miss something.
You feel less confused.
You hear some strange, mumbled words.
You are confused.
You're too confused to move!
Something hits you!
* * * LOW HITPOINT WARNING * * *
Something burns you.
* * * LOW HITPOINT WARNING * * *
Something completely misses you.
You bump into the rock wall.
Something hits you!
You die...

# ######.# ###
........ ..#
.##.##.# #.# ....#
#{# ....# #@#
..).############.#
.................#
#+#<##############
...)# ....# ....#
###.#########
#.##......#


There were no monsters in sight!

Vanquished Creatures
  3 yaks (D:9)
  3 wyverns (D:9)
  A basilisk (D:9)
  2 steam dragons
  3 water moccasins
  3 orc warriors
  3 ice beasts
  A black bear (D:6)
  A necrophage (D:6)
  5 ogres
  6 centaurs
  3 kobold brigands
  4 bullfrogs
  A wyvern zombie (D:6)
  A wyvern skeleton (D:7)
  A water moccasin skeleton (D:6)
  A howler monkey (D:7)
  2 centaur zombies
  2 bullfrog zombies
  4 orc priests
  2 jellies
  3 hounds
  2 iguanas
  A centaur skeleton (D:4)
  6 orc wizards
  A killer bee zombie (D:9)
  A hound skeleton (D:4)
  8 gnolls
  9 adders
  A white imp (D:7)
  2 ufetubi
  An adder skeleton (D:4)
  8 worms
  33 orcs
  6 endoplasms
  8 giant cockroaches
  11 goblins
  10 hobgoblins
  2 jackals (D:2)
  6 quokkas
  10 ball pythons
  6 bats
  5 frilled lizards
  19 kobolds
  5 rats
216 creatures vanquished.

Vanquished Creatures (collateral kills)
  A necrophage (D:7)
  Blork the orc (D:6)
  2 orc priests (D:7)
  An orc wizard (D:7)
5 creatures vanquished.

Vanquished Creatures (others)
  2 yaks (D:9)
  An iguana (D:9)
  6 plants (D:9)
9 creatures vanquished.

Grand Total: 230 creatures vanquished

Notes
Turn   | Place    | Note
-------+----------+-------------------------------------------
     0 | D:1      | Holzbalken the Demonspawn Gladiator began the quest for the
                  | Orb.
     0 | D:1      | Reached XP level 1. HP: 16/16 MP: 1/1
    42 | D:1      | Reached skill level 3 in Polearms
   321 | D:1      | Gained mutation: A weak demonic guardian rushes to your
                  | aid. [demonic ancestry]
   321 | D:1      | Reached XP level 2. HP: 22/22 MP: 2/2
   363 | D:1      | Found a faded altar of an unknown god.
   857 | D:2      | Gained mutation: You are partially covered in thin metallic
                  | scales. (AC +2) [demonic ancestry]
   857 | D:2      | Reached XP level 3. HP: 27/27 MP: 3/3
  1018 | D:2      | Reached skill level 4 in Polearms
  1280 | D:2      | Reached XP level 4. HP: 33/33 MP: 4/4
  1581 | D:3      | Identified a scroll of acquirement
  1581 | D:3      | Acquired the +2 helmet of the Gate {Rampage rN+ Str+8}
  1597 | D:3      | Found a shadowy altar of Dithmenos.
  1681 | D:3      | Reached skill level 5 in Polearms
  1747 | D:3      | Reached XP level 5. HP: 22/38 MP: 5/5
  1993 | D:3      | Found an ornate altar of the Wu Jian Council.
  2223 | D:3      | Found a basalt altar of Yredelemnul.
  2224 | D:3      | Found a stormy altar of Qazlal.
  2236 | D:3      | Became a worshipper of Qazlal Stormbringer
  2403 | D:4      | Reached skill level 6 in Polearms
  2488 | D:4      | Noticed an ogre
  2501 | D:4      | Killed an ogre
  2502 | D:4      | Gained mutation: A demonic guardian rushes to your aid.
                  | [demonic ancestry]
  2502 | D:4      | Reached XP level 6. HP: 37/44 MP: 6/6
  2671 | D:4      | Reached skill level 7 in Polearms
  2901 | D:4      | Reached XP level 7. HP: 41/50 MP: 7/7
  3197 | D:5      | Entered Level 5 of the Dungeon
  3393 | D:5      | Found a glowing drain.
  3414 | Sewer    | Entered a sewer
  3561 | Sewer    | Reached * piety under Qazlal
  3614 | Sewer    | Reached skill level 8 in Polearms
  3862 | D:5      | Found a staircase to the Ecumenical Temple.
  3900 | D:5      | Found Tulec's Assorted Antiques.
  4196 | D:5      | Reached skill level 9 in Polearms
  4196 | D:5      | Reached XP level 8. HP: 53/56 MP: 8/8
  4421 | D:5      | Found a sacrificial altar of Ru.
  4968 | D:6      | Identified the +7 broad axe "Pigaisell" {flame, rElec rN+++
                  | Str+4 Stlth-}
  4984 | D:6      | Reached skill level 10 in Polearms
  5546 | D:6      | Reached skill level 11 in Polearms
  5616 | D:6      | Gained mutation: You sometimes gain a little power by
                  | taking damage. [demonic ancestry]
  5616 | D:6      | Reached XP level 9. HP: 61/61 MP: 9/9
  5739 | D:6      | Noticed Blork the orc
  5755 | D:6      | Killed Blork the orc
  5892 | D:7      | Reached skill level 1 in Armour
  6250 | D:7      | Reached ** piety under Qazlal
  7095 | D:8      | Found a runed translucent gate.
  7095 | D:8      | Found a runed translucent gate.
  7095 | D:8      | Found a runed translucent gate.
  7096 | D:8      | Noticed hitsuchi's ghost (novice DgCj)
  7234 | D:8      | Reached skill level 12 in Polearms
  7448 | D:8      | Found Umnyptass's Jewellery Shop.
  7642 | D:8      | Reached XP level 10. HP: 73/73 MP: 10/10
  7645 | D:8      | Found a flagged portal.
  7667 | D:8      | Reached *** piety under Qazlal
  8038 | D:8      | Upgraded the game from 0.28.0-49-g6dfe1f597d to
                  | 0.28.0-53-g5a82cb258f
  8218 | D:9      | Found a staircase to the Lair.
  8239 | D:9      | Reached skill level 5 in Fighting
  8570 | D:9      | Found an ancient bone altar of Kikubaaqudgha.
  8751 | D:9      | Noticed Erica
  8777 | D:9      | Slain by Erica

Illustrated notes

Levels and vault maps discovered:
D:1:      saegor_arrival_simple_e, layout_rooms,
          chequers_ecumenical_altar_simple_redux
D:2:      layout_basic
D:3:      layout_loops_ring, nicolae_overflow_crystal_walls, minitemple,
          mainiacjoe_overflow_brackets
D:4:      layout_rooms
D:5:      layout_basic, nicolae_ru_sacrificial_ziggurat, temple_doors_e,
          serial_shops, nicolae_square_shop, gup_sewer_entry_pipe
D:6:      layout_gridville, uniq_blork_the_orc
D:7:      layout_gridville, kennysheep_mini_moat, grunt_decor_fettered
D:8:      layout_basic, gammafunk_ghost_spectres, enter_bailey_3, serial_shops,
          nicolae_shop_behind_doors, grunt_decor_arrowhead, st_stairs_2
D:9:      layout_basic, lemuel_doored_altar, minmay_lair_entry_grove, uniq_erica

Skill      XL: |  1  2  3  4  5  6  7  8  9 10 |
---------------+-------------------------------+-----
Polearms       | 3 4 5 6 7 9 11 12 | 12.9
Armour         | 3 4 |  4.5
Fighting       | 4 5 |  5.5
Throwing       | |  1.7
Dodging        | |  2.6

Action                   |  1- 3 |  4- 6 |  7- 9 | 10-12 || total
-------------------------+-------+-------+-------+-------++-------
Melee: Trident           |   125 |   215 |   267 |       ||   607
       Punch             |     1 |     2 |     5 |       ||     8
       Halberd           |       |       |   124 |   103 ||   227
  Use: Scroll            |       |     6 |     7 |       ||    13
       Potion            |       |       |       |     2 ||     2
Armor: Leather armour    |    13 |       |       |       ||    13
       Ice dragon scales |    32 |    64 |    97 |    39 ||   232
Dodge: Dodged            |    80 |   128 |   209 |    79 ||   496
       Repelled          |       |       |     2 |     1 ||     3
Block: Other             |       |       |    21 |    23 ||    44
